 Dungeon Crawl Stone Soup version 0.20-a0-623-gaf3b657 (webtiles) character file.

9030 Kokiki the Unseen (level 11, -4/79 HPs)
             Began as a Vampire Assassin on Feb 10, 2017.
             Was a Priest of Dithmenos.
             Engulfed by a cloud of freezing vapour (20 damage)
             ... on level 9 of the Dungeon.
             The game lasted 00:53:48 (10472 turns).

Kokiki the Unseen (Vampire Assassin)               Turns: 10472, Time: 00:53:49

Health: -4/79      AC:  0    Str:  8    XL:     11   Next: 17%
Magic:  12/13      EV: 31    Int: 15    God:    Dithmenos [***...]
Gold:   375        SH:  0    Dex: 23    Spells: 7/12 levels left

rFire    . . .     SeeInvis +   (weapon currently unavailable)
rCold    . . .     Gourm    .   (armour currently unavailable)
rNeg     + . .     Faith    .   (shield currently unavailable)
rPois    .         Spirit   .   (helmet currently unavailable)
rElec    .         Reflect  .   (cloak currently unavailable)
rCorr    .         Harm     +   (gloves currently unavailable)
MR       +....                  (boots currently unavailable)
Stlth    ++++++++++             h - amulet of harm
Regen    0.3/turn               (ring currently unavailable)
                                (ring currently unavailable)

@: bat-form, flying, wreathed by umbra, very quick
A: fangs 3, (iridescent scales 0), (yellow scales 0), see invisible, (poison
resistance), weak 1, (unbreathing)
a: End Transformation, Shadow Step, Renounce Religion


You were on level 9 of the Dungeon.
You worshipped Dithmenos.
Dithmenos was most pleased with you.
You were not thirsty.
You were in vampire-bat-form.
You visited 2 branches of the dungeon, and saw 10 of its levels.

You collected 492 gold pieces.
You spent 117 gold pieces at shops.

Inventory:

Hand Weapons
 b - a +0 blowgun
 t - a +5 dagger (melded)
Missiles
 a - 3 tomahawks (quivered)
 e - 51 poisoned needles
 f - 2 curare-tipped needles
Armour
 n - a scarf of spirit shield (melded)
 r - a +0 helmet (melded)
 x - a +0 pair of gloves (melded)
 A - the +4 robe of Augmentation (melded) {Str+4 Int+4 Dex+4}
   (You found it on level 7 of the Dungeon)

   It affects your strength (+4).
   It affects your intelligence (+4).
   It affects your dexterity (+4).
 D - a +2 robe of magic resistance
Jewellery
 h - an amulet of harm (around neck)
 m - a ring of positive energy (melded)
 o - an uncursed amulet of magic regeneration
 u - an uncursed amulet of rage
 w - a ring of magical power (melded)
Wands
 j - a wand of lightning (2/15)
 y - a wand of lightning (8/15)
Scrolls
 c - a scroll of fear
 k - 4 scrolls of remove curse
 p - 4 scrolls of teleportation
 s - a scroll of recharging
 z - a scroll of amnesia
Potions
 d - a potion of magic
 g - 3 potions of mutation
 l - a potion of berserk rage
 v - a potion of haste
 B - a potion of brilliance
 E - a potion of might
Books
 q - a book of Callings

   Spells                             Type                      Level
   a - Summon Small Mammal            Summoning                    1
   b - Call Imp                       Summoning                    2
   c - Call Canine Familiar           Summoning                    3
   d - Summon Guardian Golem          Hexes/Summoning              3
   e - Summon Lightning Spire         Summoning/Air                4
   f - Summon Ice Beast               Ice/Summoning                4


   Skills:
 + Level 5.1 Fighting
 + Level 8.4 Short Blades
 + Level 6.3 Throwing
 * Level 9.2 Dodging
 * Level 15.0 Stealth
 + Level 0.9 Unarmed Combat
 + Level 1.4 Spellcasting
 + Level 1.6 Summonings
 + Level 0.1 Invocations


You had 7 spell levels left.
You knew the following spells:

 Your Spells              Type           Power        Failure   Level  Hunger
a - Call Imp              Summ           #.......     21%         2    ###....
b - Call Canine Familiar  Summ           #.......     43%         3    ####...


Dungeon Overview and Level Annotations

Branches:
Dungeon (9/15)             Temple (1/1) D:4
   Lair: D:8-11         Orc: D:9-12

Altars:
Ashenzari
Cheibriados
Dithmenos
Elyvilon
Fedhas
Gozag
Hepliaklqana
Kikubaaqudgha
Makhleb
Nemelex Xobeh
Okawaru
Qazlal
Ru
Sif Muna
Trog
Uskayaw
Vehumet
Xom
Yredelemnul
Zin
The Shining One

Shops:
D:8 [

Annotations:
D:4 Laan's ghost, amateur KoAs


Innate Abilities, Weirdness & Mutations

You have razor-sharp teeth.
You have supernaturally acute eyesight. (SInv)
((You can survive without breathing.))
((You are partially covered in iridescent scales. (AC +2)))
((You are partially covered in yellow scales. (AC +2)))
((Your system is resistant to poisons. (rPois)))
You are weak. (Str -2)


Message History

Uppercase [Y]es or [N]o only, please.
Really walk into a travel-excluded area?
There is an open door here.
You are engulfed in freezing vapours.
You are engulfed in freezing vapours.
You are engulfed in freezing vapours.
You turn into a vampire bat.
Your +5 dagger melds into your body.
Your scarf of spirit shield melds into your body.
Your +0 helmet melds into your body.
Your +0 pair of gloves melds into your body.
The +4 robe of Augmentation {Str+4 Int+4 Dex+4} melds into your body.
Your ring of positive energy melds into your body.
Your ring of magical power melds into your body.
You feel strangely alone.
You feel your magic capacity decrease.
You are engulfed in freezing vapours.
You are engulfed in freezing vapours.
You are engulfed in freezing vapours.
* * * LOW HITPOINT WARNING * * *
You feel better.
You are engulfed in freezing vapours.
You die...

##§#.##
##§#.##
##§#.##
##§#.##
##§#.##
##§#.##
##§#§##
##.#§##
##.#b##
##.#§##
##.#§##
##########
##.#§##
.........#
##.#§##
########.#
##..§##
#.##########
#.#....#####
#.#.##.#


There were no monsters in sight!

Vanquished Creatures
  Erica (D:8)
  3 two-headed ogres
  Pikel (D:4)
  Maurice (D:8)
  Psyche (D:8)
  2 hornets
  3 hippogriffs
  3 yaks (D:9)
  A hungry ghost (D:7)
  2 soldier ants
  3 sky beasts
  2 ice beasts (D:6)
  2 phantoms
  2 orc warriors
  A black bear (D:5)
  7 ogres
  2 centaurs (D:7)
  A crocodile (D:6)
  4 bullfrogs
  A scorpion (D:7)
  3 howler monkeys
  6 crimson imps
  A bullfrog zombie (D:7)
  A centaur zombie (D:9)
  A bullfrog skeleton (D:5)
  A hound (D:9)
  7 orc priests
  4 jellies
  10 orc wizards
  7 worker ants
  4 iguanas
  Ijyb (D:4)
  2 hound skeletons
  5 adders
  A shadow imp (D:6)
  An ooze (D:1)
  An adder skeleton (D:7)
  A worm (D:3)
  A dart slug (D:2)
  6 leopard geckos
  52 orcs
  2 ball pythons
  3 giant cockroaches
  12 goblins
  11 hobgoblins
  17 jackals
  3 kobolds
  4 quokkas
  8 bats
  6 frilled lizards
  A quokka skeleton (D:9)
  8 rats
234 creatures vanquished.

Vanquished Creatures (collateral kills)
  An orc wizard (D:8)
  An adder zombie (D:5)
  An ooze (D:5)
  3 orcs
6 creatures vanquished.

Vanquished Creatures (others)
  A quokka (D:4)
  2 plants (D:4)
3 creatures vanquished.

Grand Total: 243 creatures vanquished

Notes
Turn   | Place    | Note
-------+----------+-------------------------------------------
     0 | D:1      | Kokiki the Vampire Assassin began the quest for the Orb.
     0 | D:1      | Reached XP level 1. HP: 16/16 MP: 1/1
    23 | D:1      | Reached skill level 6 in Stealth
   222 | D:1      | Reached XP level 2. HP: 22/22 MP: 2/2
   933 | D:2      | Reached skill level 7 in Stealth
   933 | D:2      | Reached XP level 3. HP: 20/27 MP: 3/3
  1390 | D:2      | Gained mutation: Your system is resistant to poisons. (rPois) [potion of mutation]
  1390 | D:2      | Gained mutation: You are weak. (Str -2) [potion of mutation]
  1390 | D:2      | Gained mutation: You are partially covered in yellow scales. (AC +2) [potion of mutation]
  1390 | D:2      | Gained mutation: You are partially covered in iridescent scales. (AC +2) [potion of mutation]
  1413 | D:2      | Reached XP level 4. HP: 22/33 MP: 4/4
  1726 | D:2      | You fall through a shaft!
  2613 | D:4      | Noticed Laan's ghost (amateur KoAs)
  2736 | D:4      | Noticed Ijyb
  2806 | D:4      | Killed Ijyb
  2806 | D:4      | Reached XP level 5. HP: 17/39 MP: 2/5
  3088 | D:4      | Reached skill level 8 in Stealth
  3268 | D:4      | Noticed an ogre
  3274 | D:4      | Killed an ogre
  3274 | D:4      | Reached XP level 6. HP: 38/46 MP: 6/6
  3365 | D:4      | Found a staircase to the Ecumenical Temple.
  3392 | Temple   | Entered the Ecumenical Temple
  3526 | Temple   | Became a worshipper of Dithmenos the Shadowed
  3598 | D:4      | Noticed a slave
  3599 | D:4      | Noticed a slave
  3681 | D:4      | Noticed Pikel
  3684 | D:4      | Noticed a slave
  3691 | D:4      | Noticed a slave
  3737 | D:5      | Entered Level 5 of the Dungeon
  3751 | D:5      | Reached skill level 9 in Stealth
  3961 | D:5      | Reached XP level 7. HP: 51/51 MP: 7/7
  4063 | D:5      | Reached skill level 10 in Stealth
  4899 | D:5      | Reached * piety under Dithmenos
  5131 | D:5      | Reached XP level 8. HP: 19/58 MP: 8/8
  5629 | D:4      | Killed Pikel
  5629 | D:4      | Reached skill level 5 in Short Blades
  5629 | D:4      | Reached skill level 11 in Stealth
  5852 | D:6      | Reached skill level 5 in Dodging
  6061 | D:6      | Reached XP level 9. HP: 65/65 MP: 9/9
  6071 | D:6      | Reached skill level 12 in Stealth
  6616 | D:6      | Reached ** piety under Dithmenos
  7344 | D:7      | Reached skill level 13 in Stealth
  7540 | D:7      | Reached skill level 5 in Throwing
  8112 | D:8      | Noticed a two-headed ogre
  8116 | D:8      | Killed a two-headed ogre
  8116 | D:8      | Reached XP level 10. HP: 73/73 MP: 10/10
  8137 | D:8      | Noticed Maurice
  8137 | D:8      | Noticed Psyche
  8147 | D:8      | Learned a level 2 spell: Call Imp
  8318 | D:8      | Killed Maurice
  8357 | D:8      | Killed Psyche
  8360 | D:8      | Noticed a two-headed ogre
  8394 | D:8      | Killed a two-headed ogre
  8394 | D:8      | Reached skill level 14 in Stealth
  8394 | D:8      | Reached skill level 1 in Summonings
  8405 | D:8      | Learned a level 3 spell: Call Canine Familiar
  8479 | D:8      | Reached skill level 1 in Spellcasting
  8654 | D:8      | Found Podal's Armour Shoppe.
  8658 | D:8      | Bought a scarf of spirit shield for 117 gold pieces
  8676 | D:8      | Noticed Erica
  8725 | D:8      | Killed Erica
  8821 | D:7      | Paralysed by a hornet for 2 turns
  9448 | D:8      | Reached *** piety under Dithmenos
  9623 | D:8      | Reached skill level 5 in Fighting
  9748 | D:9      | Noticed a two-headed ogre
  9754 | D:9      | Killed a two-headed ogre
  9754 | D:9      | Reached XP level 11. HP: 67/79 MP: 12/13
 10039 | D:9      | Reached skill level 15 in Stealth
 10472 | D:9      | Engulfed by a cloud of freezing vapour

Vault maps used:
D:1:      dpeg_arrival_tiny_d
D:2:      moated_statue
D:3:      feat_on_display
D:4:      kennysheep_goblin_castle, minmay_temple_entry_nine_rooms,
          serial_forest, infiniplex_forest_clump_curved,
          infiniplex_forest_clump_tiny, infiniplex_forest_end_2,
          infiniplex_forest_clump_double, infiniplex_forest_clump_long,
          infiniplex_forest_clump_medium, infiniplex_forest_clump_small,
          infiniplex_forest_clump_curved, first_bread, minmay_liquid_box,
          uniq_pikel
D:5:      black_bear_nest_2
D:6:      kennysheep_small_square
D:8:      special_room, serial_shops, shop, kennysheep_decorative_pillar,
          hangedman_pestilent_swarm, lemuel_another_geyser, uniq_erica,
          uniq_maurice, uniq_psyche
D:9:      lemuel_ice_spiral_2
Temple:   nicolae_temple_the_god_donut

Skill      XL: |  1  2  3  4  5  6  7  8  9 10 11 |
---------------+----------------------------------+-----
Stealth        | 6 7 8 9 10 11 13 14 15 | 15.0
Fighting       | 2 3 4 5 |  5.1
Short Blades   | 3 4 5 6 8 |  8.4
Dodging        | 2 4 5 7 9 |  9.2
Throwing       | 2 3 4 5 6 |  6.3
Summonings     | 1 |  1.6
Spellcasting   | 1 |  1.4
Unarmed Combat | |  0.9
Invocations    | |  0.1

Action                   |  1- 3 |  4- 6 |  7- 9 | 10-12 || total
-------------------------+-------+-------+-------+-------++-------
Melee: Dagger            |   113 |   181 |   791 |   433 ||  1518
       Bite              |    11 |    29 |    86 |    66 ||   192
       Unarmed           |       |    55 |    40 |       ||    95
       Club              |       |     6 |       |       ||     6
       Punch             |       |       |     2 |     1 ||     3
 Fire: Blowgun           |    14 |    42 |   103 |    57 ||   216
Throw: Tomahawk          |       |       |     1 |     3 ||     4
 Cast: Call Imp          |       |       |       |     3 ||     3
Invok: Shadow Step       |       |       |       |     1 ||     1
 Abil: Bat Form          |     3 |    21 |    27 |    10 ||    61
       End Transformatio |     3 |    21 |    27 |     9 ||    60
Evoke: Wand              |       |       |     1 |     4 ||     5
  Use: Scroll            |     5 |     6 |     7 |     7 ||    25
       Potion            |     3 |     2 |     2 |     3 ||    10
 Stab: Sleeping          |     7 |    17 |    23 |     9 ||    56
       Distracted        |       |     2 |       |     2 ||     4
       Invisible         |       |       |     1 |       ||     1
  Eat: Corpse            |     1 |     7 |    12 |     5 ||    25
Armor: Robe              |    28 |    58 |   138 |    53 ||   277
Dodge: Dodged            |    77 |   154 |   446 |   351 ||  1028
